 Dungeon Crawl Stone Soup version 0.21-a0-426-g98080a9 (webtiles) character file.

9 Ijustatesigmund the Sneak (level 2, -2/18 HPs)
             Began as an Octopode Enchanter on Nov 7, 2017.
             Slain by a leopard gecko (3 damage)
             ... on level 2 of the Dungeon.
             The game lasted 00:02:09 (379 turns).

Ijustatesigmund the Sneak (Octopode Enchanter)       Turns: 379, Time: 00:02:10

Health: -2/18      AC:  1    Str:  7    XL:     2   Next: 12%
Magic:  2/5        EV: 13    Int: 17    God:
Gold:   27         SH:  0    Dex: 12    Spells: 2/5 levels left

rFire    . . .     SeeInvis .   a - +1 dagger
rCold    . . .     Gourm    .   (no shield)
rNeg     . . .     Faith    .   (helmet restricted)
rPois    .         Spirit   .   (no amulet)
rElec    .         Reflect  .   (no ring)
rCorr    .         Harm     .   (no ring)
MR       .....                  (no ring)
Stlth    +++.......             (no ring)
HPRegen  0.06/turn              (no ring)
MPRegen  0.09/turn              (no ring)
                                (no ring)
                                (no ring)

@: no status effects
A: almost no armour, stealthy swim, amphibious, 8 rings, constrict 8, camouflage
1, gelatinous body 1
a: no special abilities


You were on level 2 of the Dungeon.
You were not hungry.

You visited 1 branch of the dungeon, and saw 2 of its levels.

You collected 27 gold pieces.

Inventory:

Hand Weapons
 a - a +1 dagger (weapon)
Scrolls
 f - a scroll of remove curse
 g - a scroll of identify
Books
 b - a book of Maledictions

   Spells                             Type                      Level
   a - Corona                         Hexes                        1
   b - Ensorcelled Hibernation        Hexes/Ice                    2
   c - Confuse                        Hexes                        3
   d - Tukima's Dance                 Hexes                        3
   e - Dazzling Spray                 Conjuration/Hexes            3
Comestibles
 c - a bread ration
 h - 3 fruits


   Skills:
 + Level 1.1 Fighting
 + Level 1.6 Short Blades
 - Level 2.0 Dodging
 - Level 4.0 Stealth
 - Level 2.0 Spellcasting
 - Level 3.0 Hexes


You had 2 spell levels left.
You knew the following spells:

 Your Spells              Type           Power        Failure   Level  Hunger
a - Corona                Hex            ##.....      5%          1    #......
b - Ensorcelled Hibernat  Hex/Ice        #.....       16%         2    ###....


Dungeon Overview and Level Annotations

Branches:
Dungeon (2/15)

Altars:


Innate Abilities, Weirdness & Mutations

You cannot wear most types of armour.
You are very stealthy in the water. (Stealth+)
You are amphibious.
You can wear up to eight rings at the same time.
You can use your tentacles to constrict eight enemies at once.
Your skin changes colour to match your surroundings (Stealth+).
Your rubbery body absorbs attacks. (AC +1, EV +1)


Message History

The bat hits you.
* * * LOW HITPOINT WARNING * * *
The giant cockroach bites you.
* * * LOW HITPOINT WARNING * * *
The ball python hisses angrily.
You climb downwards.
A leopard gecko and a quokka come into view.
Found a stone staircase leading down.
There is a stone staircase leading up here.
The bat barely misses you. The kobold hits you but does no damage.
The bat closely misses you. The bat hits you.
* * * LOW HITPOINT WARNING * * *
The bat closely misses you. The bat barely misses you.
The bat completely misses you. The bat closely misses you. The bat misses you.
The leopard gecko hisses angrily.
There is a stone staircase leading down here.
The bat hits you but does no damage. The leopard gecko bites you.
You die...

### .# #.#+#.#
#<....# #.....#
#.....# #s....#
#K#+#.#
#######r#.#.###
#.....b@.......
#.#####.l.#.###
#+###


You could see a leopard gecko, a quokka, a giant cockroach, a bat and a kobold.

Vanquished Creatures
  3 bats (D:1)
  2 goblins (D:1)
  A hobgoblin (D:1)
  A frilled lizard (D:1)
  A kobold (D:1)
  A rat (D:1)
9 creatures vanquished.

Notes
Turn   | Place    | Note
-------+----------+-------------------------------------------
     0 | D:1      | Ijustatesigmund the Octopode Enchanter began the quest for the Orb.
     0 | D:1      | Reached XP level 1. HP: 11/11 MP: 3/3
   104 | D:1      | Reached skill level 1 in Fighting
   104 | D:1      | Reached XP level 2. HP: 18/18 MP: 5/5
   108 | D:1      | Learned a level 2 spell: Ensorcelled Hibernation
   379 | D:2      | Slain by a leopard gecko

Vault maps used:
D:1:      nzn_arrival_water_spiral, minmay_bisected
D:2:      lemuel_round_altar, first_bread, minmay_misc_feat_tiny, uniq_terence

Skill      XL: |  1 |
---------------+----+-----
Fighting       | 1 |  1.1
Short Blades   | |  1.6
Dodging        | |  2.0
Stealth        | |  4.0
Spellcasting   | |  2.0
Hexes          | |  3.0

Action                   || total
-------------------------++-------
Melee: Dagger            ||    20
       Constrict         ||     4
 Cast: Ensorcelled Hiber ||     2
  Use: Potion            ||     2
       Scroll            ||     2
 Stab: Sleeping          ||     4
Armor: Skin              ||    15
Dodge: Dodged            ||    54

Table legend:
 A = Spawn XP
 B = Non-spawn XP
 C = Spawn XP percentage of total XP
 D = Spawn monster count
 E = Non-spawn monster count
 F = Spawn count percentage of total count
 G = Total turns spent on level
                    A         B        C        D         E        F      G
               +---------+---------+-------+---------+---------+-------+---------
         Total |       0 |      13 |   0.0 |       0 |       9 |   0.0 |   379
               +---------+---------+-------+---------+---------+-------+---------
           D:1 |       0 |      13 |   0.0 |       0 |       9 |   0.0 |   372
               +---------+---------+-------+---------+---------+-------+---------
